 Dungeon Crawl Stone Soup version 0.27-a0-1202-ge72e49191c (webtiles) character file.

Game seed: 8075001506441068298

35737 Delamore the Impaler (level 14, -2/123 HPs)
             Began as a Formicid Fighter on June 4, 2021.
             Was a High Priest of Trog.
             Slain by a ten-headed hydra (8 damage)
             ... on level 3 of the Lair of Beasts.
             The game lasted 00:24:37 (21303 turns).

Delamore the Impaler (Formicid Fighter)            Turns: 21303, Time: 00:24:38

Health: -2/123     AC:  9    Str: 28      XL:     14   Next: 20%
Magic:  0/14       EV: 10    Int: 13      God:    Trog [*****.]
Gold:   460        SH: 14    Dex:  9 (10) Spells: 13/13 levels left

rFire    . . .     SeeInvis +   s - +1 halberd (vorpal)
rCold    + + .     Faith    .   x - +3 kite shield of the Harvest {rC+}
rNeg     + . .     Spirit   +   v - +1 ring mail of Wenefyfi {rPois Str+3 Int+4}
rPois    +         Reflect  .   (helmet unavailable)
rElec    .         Harm     .   H - +0 cloak {rC+}
rCorr    .         Rampage  .   (no gloves)
Will     ++...                  (no boots)
Stlth    ..........             i - amulet of guardian spirit
HPRegen  0.30/turn              (no ring)
MPRegen  0.14/turn              q - ring of positive energy

@: studying Fighting
A: permanent stasis, dig shafts and tunnels, antennae 3, four strong arms,
deterioration 1, strong-willed 1
a: Dig, Shaft Self, Renounce Religion, Trog's Hand, Brothers in Arms


You were on level 3 of the Lair of Beasts.
You worshipped Trog.
Trog was extremely pleased with you.
You visited 2 branches of the dungeon, and saw 14 of its levels.
You also visited: Ice Cave.

You collected 793 gold pieces.
You spent 333 gold pieces at shops.

Inventory:

Hand Weapons
 k - a +2 spear of distortion
 s - a +1 vorpal halberd (weapon)
 y - a +5 glaive of pain
Missiles
 a - 17 boomerangs (quivered)
 w - a throwing net
Armour
 b - a +9 plate armour of ponderousness
 v - the +1 ring mail of Wenefyfi (worn) {rPois Str+3 Int+4}
   (You found it on level 5 of the Dungeon)

   It affects your strength (+3).
   It affects your intelligence (+4).
   It protects you from poison.
 x - the +3 kite shield of the Harvest (worn) {rC+}
   (You bought it in a shop on level 7 of the Dungeon)

   It protects you from cold.
 z - a +1 kite shield of cold resistance
 H - a +0 cloak of cold resistance (worn)
Jewellery
 c - an amulet of magic regeneration
 i - an amulet of guardian spirit (around neck)
 j - a ring of ice
 q - a ring of positive energy (right hand)
 D - a ring of ice
 I - a ring of poison resistance
Wands
 d - a wand of polymorph (10)
 n - a wand of acid (9)
 r - a wand of iceblast (12)
 A - a wand of flame (16)
 F - a wand of digging (6)
Scrolls
 g - 5 scrolls of vulnerability
 o - a scroll of fog
Potions
 e - 3 potions of lignification
 f - 4 potions of flight
 h - 3 potions of attraction
 l - 2 potions of resistance {unknown}
 m - 2 potions of curing
 p - 2 potions of ambrosia
 t - a potion of invisibility {unknown}
 u - a potion of brilliance
 B - a potion of degeneration {unknown}
 C - 3 potions of might
 E - 2 potions of mutation {unknown}


   Skills:
 - Level 15.0 Fighting
 - Level 16.0 Polearms
 + Level 8.8 Throwing
 - Level 10.0 Armour
 - Level 7.0 Shields


You had 13 spell levels left.
You didn't know any spells.
Your spell library was empty.

Dungeon Overview and Level Annotations

Branches:
Dungeon (11/15)            Temple (0/1) D:4            Lair (3/6) D:9
  Snake (0/4) Lair:3          Orc (0/2) D:10          IceCv (visited)
  Swamp: Lair:2-4    Shoals: Lair:2-4

Altars:
Ashenzari
Gozag
Hepliaklqana
Makhleb
Nemelex Xobeh
Okawaru
Sif Muna
Trog
Uskayaw

Shops:
D:2 *   D:7 [

Annotations:
Lair:2 exclusion: 4 oklob plants
Abyss:1 Eustachio, Ijyb, Maggie


Innate Abilities, Weirdness & Mutations

You cannot be hasted, slowed, berserked, paralysed or teleported.
You can dig through walls and to a lower floor.
You have a pair of large antennae on your head. (SInv)
Your four strong arms can wield two-handed weapons with a shield.
Your body sometimes deteriorates upon taking damage.
You are strong-willed. (Will+)


Message History

The ten-headed hydra bites you.
* * * LOW HITPOINT WARNING * * *
You block the ten-headed hydra's attack.
The ten-headed hydra bites you but does no damage.
Your ogre hits the ten-headed hydra with a +0 giant spiked club!!
Your ogre rages.
The ten-headed hydra bites your ogre.
The ten-headed hydra barely misses your ogre.
The ten-headed hydra bites your ogre!
The ten-headed hydra barely misses your ogre.
The ten-headed hydra bites your ogre! x2
Your ogre dies!
Your ogre's corpse disappears in a puff of smoke!
As you read the scroll of fear, it crumbles to dust.
You assume a fearsome visage.
The ten-headed hydra resists with some effort.
The ten-headed hydra bites you but does no damage. x2
You block the ten-headed hydra's attack.
The ten-headed hydra bites you but does no damage.
The ten-headed hydra closely misses you.
You block the ten-headed hydra's attack.
The ten-headed hydra bites you!
* * * LOW HITPOINT WARNING * * *
You block the ten-headed hydra's attack.
The ten-headed hydra bites you.
* * * LOW HITPOINT WARNING * * *
The ten-headed hydra bites you.
* * * LOW HITPOINT WARNING * * *
Okay, then.
Okay, then.
Okay, then.
Okay, then.
Are you sure you want to shaft yourself?
You begin to dig a shaft.
You continue digging a shaft.
You block the ten-headed hydra's attack.
The ten-headed hydra bites you but does no damage.
The ten-headed hydra bites you.
* * * LOW HITPOINT WARNING * * *
The ten-headed hydra bites you!
You die...

******..#.##.##..#.........#...⌠.
*............####...#....#..
**........................#..
*,...........................
**..............####.........
******.....##'......##≈#.#.......
,,*,*,.....#.......###.≈.....##.#
,,,,,,..........D...≈≈#......####
,,,,,,..........@...≈#≈..#...#.#÷
+,,,,,.....P........#≈...#≈...#.#
,,,,,,,,,..........≈.....#≈..##.#
,,,,,,,,,................#≈..##.#
,,,,*,,,,..P.........#####≈......
,,,,,,,,,..#.......#..≈≈≈≈≈......
,,,,,,,,,....###...#..........)..
,,,***,,,,...,,.....,......†.....
*,****,,,,,,,,**,*,**.........P.#


You could see a ten-headed hydra.

Vanquished Creatures
  A frost giant (IceCv)
  Josephine (D:10)
  Fannar (Lair:2)
  A boulder beetle (Lair:2)
  A centaur warrior (D:10)
  7 death yaks
  5 elephants (Lair:2)
  Joseph (D:7)
  3 black mambas
  An ice statue (IceCv)
  9 cane toads
  3 rime drakes (Lair:3)
  5 komodo dragons
  18 polar bears
  A troll (D:9)
  Prince Ribbit (D:6)
  7 slime creatures
  8 blink frogs
  A spriggan (Lair:3)
  27 yaks
  5 wraiths
  3 wyverns
  A steam dragon (D:6)
  10 water moccasins
  3 sky beasts
  4 black bears
  A necrophage (D:4)
  17 wolves
  2 ogres
  2 centaurs
  9 bullfrogs
  2 kobold brigands
  A scorpion (D:6)
  2 gnoll sergeants
  4 killer bees
  10 wights (D:8)
  2 electric eels (Lair:3)
  A howler monkey (D:9)
  2 orc priests
  A hound (D:6)
  3 jellies
  Jessica (D:2)
  An iguana (D:4)
  5 orc wizards
  6 hell rats (Lair:3)
  Robin (D:2)
  A howler monkey skeleton (D:6)
  16 gnolls
  8 adders
  A shadow imp (D:8)
  2 ufetubi
  4 worms
  2 dart slugs
  35 orcs
  6 ball pythons
  12 endoplasms
  4 giant cockroaches
  17 goblins
  9 hobgoblins
  2 jackals (D:1)
  2 quokkas
  11 bats
  3 frilled lizards
  27 kobolds
  5 rats
368 creatures vanquished.

Vanquished Creatures (others)
  A scorpion (D:5)
  An orc (D:10)
  10 fungi
  88 plants
100 creatures vanquished.

Grand Total: 468 creatures vanquished

Notes
Turn   | Place    | Note
-------+----------+-------------------------------------------
     0 | D:1      | Delamore the Formicid Fighter began the quest for the Orb.
     0 | D:1      | Reached XP level 1. HP: 18/18 MP: 1/1
   113 | D:1      | Reached XP level 2. HP: 22/24 MP: 2/2
   417 | D:1      | Reached XP level 3. HP: 25/30 MP: 3/3
   498 | D:1      | Reached skill level 3 in Polearms
   948 | D:2      | Noticed Jessica
   960 | D:2      | Killed Jessica
   961 | D:2      | Reached XP level 4. HP: 16/37 MP: 4/4
   987 | D:2      | Identified a scroll of acquirement
   988 | D:2      | Acquired a manual of Fighting
  1027 | D:2      | HP: 1/37 [poisoned by an adder]
  1405 | D:2      | Reached skill level 4 in Polearms
  1527 | D:2      | Found Duattali's Assorted Antiques.
  1527 | D:2      | Noticed Robin
  1535 | D:1      | Reached XP level 5. HP: 35/43 MP: 5/5
  1901 | D:2      | Killed Robin
  1996 | D:2      | Bought a red potion for 18 gold pieces
  1996 | D:2      | Bought a scroll labelled BEIPOY NOXT for 21 gold pieces
  2235 | D:2      | Reached skill level 5 in Fighting
  2539 | D:3      | Reached XP level 6. HP: 35/51 MP: 6/6
  2662 | D:3      | Reached skill level 5 in Polearms
  3269 | D:3      | Found a faded altar of an unknown god.
  3276 | D:3      | Became a worshipper of Trog the Wrathful
  3276 | D:3      | Reached * piety under Trog
  3813 | D:4      | Found a staircase to the Ecumenical Temple.
  3876 | D:4      | Found an opulent altar of Gozag.
  3948 | D:4      | Noticed a black bear
  3958 | D:4      | Banished a black bear
  3959 | D:4      | Reached skill level 6 in Polearms
  3959 | D:4      | Reached XP level 7. HP: 51/59 MP: 5/7
  4736 | D:5      | Entered Level 5 of the Dungeon
  4736 | D:5      | Found a hazy altar of Hepliaklqana.
  4759 | D:5      | Reached skill level 7 in Polearms
  4759 | D:5      | Reached XP level 8. HP: 47/67 MP: 6/8
  4918 | D:5      | Reached ** piety under Trog
  5007 | D:5      | Found a bloodstained altar of Trog.
  5561 | D:5      | Identified the +1 ring mail of Wenefyfi {rPois Str+3 Int+4}
  5962 | D:5      | Noticed Ijyb
  5969 | D:5      | Banished Ijyb
  6058 | D:6      | Noticed Eustachio
  6061 | D:6      | Noticed Prince Ribbit
  6062 | D:6      | Banished Eustachio
  6063 | D:6      | Reached skill level 8 in Polearms
  6071 | D:6      | Killed Prince Ribbit
  6126 | D:6      | Reached XP level 9. HP: 77/77 MP: 9/9
  6231 | D:6      | Reached skill level 9 in Polearms
  6245 | D:6      | Reached skill level 10 in Fighting
  6686 | D:6      | Noticed a two-headed ogre
  6936 | D:7      | Reached skill level 10 in Polearms
  6938 | D:7      | Reached *** piety under Trog
  7054 | D:7      | Noticed Joseph
  7069 | D:7      | Killed Joseph
  7322 | D:7      | Found a broken altar of Ashenzari.
  7408 | D:7      | Noticed Maggie
  7414 | D:7      | Banished Maggie
  7415 | D:7      | Reached XP level 10. HP: 63/89 MP: 6/10
  7433 | D:7      | Reached skill level 11 in Polearms
  7614 | D:7      | Found Vemyvvyc's Antique Armour Shop.
  7617 | D:7      | Bought a slimy kite shield for 294 gold pieces
  7617 | D:7      | Identified the +3 kite shield of the Harvest {rC+} (You
                  | bought it in a shop on level 7 of the Dungeon)
  8474 | D:8      | Found a sparkling altar of Nemelex Xobeh.
  8475 | D:8      | Found a shimmering blue altar of Sif Muna.
  8477 | D:8      | Found a burning altar of Makhleb.
  8710 | D:8      | Reached skill level 5 in Shields
  9203 | D:8      | Gained mutation: You are strong-willed. (Will+) [mutagenic
                  | glow]
  9228 | D:8      | Gained mutation: Your body sometimes deteriorates upon
                  | taking damage. [mutagenic glow]
  9265 | D:8      | Found an iron altar of Okawaru.
  9874 | D:9      | Reached skill level 12 in Polearms
 10008 | D:9      | Reached XP level 11. HP: 92/98 MP: 11/11
 10011 | D:9      | Noticed a death yak
 10012 | D:9      | Noticed a death yak
 10012 | D:9      | Noticed a death yak
 10017 | D:9      | Found a staircase to the Lair.
 10033 | D:9      | Killed a death yak
 10042 | D:9      | Killed a death yak
 10050 | D:9      | Killed a death yak
 10052 | D:9      | Reached skill level 13 in Polearms
 10145 | D:9      | HP: 5/100 [poisoned by a killer bee]
 10150 | D:9      | HP: 3/100 [howler monkey zombie (1)]
 10786 | D:9      | Reached **** piety under Trog
 10944 | D:9      | Found a hide-covered altar of Uskayaw.
 11144 | D:9      | Identified the +1 leather armour of Hopscotch {Fly}
 11634 | D:10     | Entered Level 10 of the Dungeon
 11634 | D:10     | Found a staircase to the Orcish Mines.
 11634 | D:10     | Noticed a centaur warrior
 11643 | D:10     | Noticed Josephine
 11644 | D:10     | Killed a centaur warrior
 11674 | D:11     | Noticed a skeletal warrior
 11674 | D:11     | Noticed a skeletal warrior
 11674 | D:11     | Noticed a skeletal warrior
 11685 | D:10     | Killed Josephine
 12139 | D:9      | Reached XP level 12. HP: 49/108 MP: 5/12
 12401 | D:10     | Reached skill level 15 in Fighting
 12406 | D:10     | Reached skill level 14 in Polearms
 13806 | Lair:1   | Entered Level 1 of the Lair of Beasts
 14195 | Lair:1   | Reached skill level 1 in Throwing
 14348 | Lair:1   | Reached skill level 15 in Polearms
 15191 | Lair:2   | Noticed Fannar
 15211 | Lair:2   | Killed Fannar
 15212 | Lair:2   | Reached skill level 5 in Armour
 15216 | Lair:2   | Identified the +1 scale mail of Lightning Storm {+Inv rPois
                  | Will- Int+6}
 15386 | Lair:2   | Reached XP level 13. HP: 89/115 MP: 10/13
 15779 | Lair:2   | Noticed a boulder beetle
 15979 | Lair:2   | Killed a boulder beetle
 16206 | Lair:2   | Reached skill level 16 in Polearms
 16257 | Lair:1   | Reached skill level 5 in Throwing
 18354 | Lair:3   | Found a frozen archway.
 18360 | IceCv    | Entered an ice cave
 19732 | IceCv    | Noticed a frost giant
 19758 | IceCv    | Killed a frost giant
 19759 | IceCv    | Reached XP level 14. HP: 32/123 MP: 4/14
 19760 | IceCv    | Reached ***** piety under Trog
 20965 | Lair:3   | Reached skill level 10 in Armour
 21297 | Lair:3   | HP: 6/123 [ten-headed hydra (3)]
 21303 | Lair:3   | HP: 6/123 [ten-headed hydra (2)]
 21303 | Lair:3   | Slain by a ten-headed hydra

Illustrated notes

Levels and vault maps discovered:
D:1:      dpeg_arrival_renting, layout_loops_ring
D:2:      minmay_evil_eye, layout_rooms, serial_shops, shop_statue,
          serial_bayou_ford_a, uniq_jessica, uniq_robin
D:3:      layout_rooms, shapermc_ecumenical_altar_totnotflames
D:4:      layout_basic, old_standard_altar, minmay_temple_entry_water_ring,
          serial_rivers, chequers_serial_rivers_room_a,
          chequers_serial_rivers_large_a, chequers_serial_rivers_small_b,
          chequers_serial_rivers_room_b, chequers_serial_rivers_micro_a,
          chequers_serial_rivers_micro_b
D:5:      layout_basic, amcnicky_altar_gilded, kennysheep_little_box,
          wad_floor_pattern_untrapped, lemuel_flamethrower_1, uniq_ijyb
D:6:      layout_basic, uniq_eustachio, uniq_prince_ribbit1, uniq_blork_the_orc
D:7:      kennysheep_kobold_camp, layout_loops_ring, kennysheep_mini_moat,
          serial_shops, shop, uniq_maggie, uniq_joseph
D:8:      layout_basic, lemuel_round_altar, gammafunk_temple_overflow_forgotten,
          st_stairs_12
D:9:      layout_roguey, kennysheep_mini, dpeg_lair_monsters, enter_bailey_5,
          roderic_roman_lattice
D:10:     layout_loops_ring, david_orc_2, uniq_josephine
D:11:     layout_basic
Lair:1:   layout_cave_pods, uniq_harold
Lair:2:   layout_cellular_growth, grunt_megastairs_3, minmay_lair_oklob_chamber,
          uniq_fannar
Lair:3:   layout_chaotic_city, guppyfry_snake_entry_island,
          portal_ice_cave_rime, grunt_forest_stairs_clearing,
          infiniplex_staircase_pool, grunt_megastairs_2

Skill      XL: |  1  2  3  4  5  6  7  8  9 10 11 12 13 14 |
---------------+-------------------------------------------+-----
Polearms       | 3 4 6 7 8 10 12 13 15 16 | 16.0
Fighting       | 4 5 6 7 9 11 13 14 15 | 15.0
Shields        | 6 7 |  7.0
Throwing       | 3 7 8 |  8.8
Armour         | 5 9 10 | 10.0

Action                   |  1- 3 |  4- 6 |  7- 9 | 10-12 | 13-15 || total
-------------------------+-------+-------+-------+-------+-------++-------
Melee: Trident           |   117 |   220 |       |       |       ||   337
       Spear             |       |    35 |   219 |   127 |       ||   381
       Halberd           |       |       |       |   435 |   443 ||   878
Throw: Dart              |       |       |     6 |     4 |    19 ||    29
       Throwing net      |       |       |       |       |     1 ||     1
Invok: Brothers in Arms  |       |       |       |       |     1 ||     1
 Abil: Dig               |       |     1 |     6 |    11 |     8 ||    26
       Shaft Self        |       |       |       |       |     1 ||     1
Evoke: Wand              |       |       |       |     8 |    11 ||    19
  Use: Scroll            |       |     9 |     1 |     9 |     3 ||    22
       Potion            |       |       |     1 |     4 |     1 ||     6
Armor: Scale mail        |    42 |    88 |    10 |       |       ||   140
       Ring mail         |       |       |    21 |    59 |   108 ||   188
Dodge: Dodged            |    25 |    83 |    39 |    99 |   121 ||   367
Block: Kite shield       |    44 |   118 |    87 |   279 |   324 ||   852

Table legend: (Time is in decaauts)
 A = Elapsed time spent in this place.
 B = Non-inter-level travel time spent in this place.
 C = Inter-level travel time spent in this place.
 D = Time resting spent in this place.
 E = Time spent auto-exploring this place.
 F = Levels seen in this place.
 G = Mean time per level.
                   A        B        C        D        E       F      G
               +--------+--------+--------+--------+--------+-----+--------+
         Total |  21228 |  20254 |    974 |   5368 |  11507 |  15 | 1415.2 |
       Dungeon |  14007 |  13236 |    771 |   2727 |   8173 |  11 | 1273.4 |
          Lair |   5282 |   5080 |    202 |   1441 |   2920 |   3 | 1760.7 |
      Ice Cave |   1938 |   1938 |      0 |   1200 |    414 |   1 | 1938.0 |
               +--------+--------+--------+--------+--------+-----+--------+

Top non-repeatable levels by time:
  Lair:2: 2984 daAuts
     D:9: 2609 daAuts
     D:8: 2193 daAuts
   IceCv: 1938 daAuts
     D:7: 1528 daAuts
     D:1: 1505 daAuts
     D:4: 1369 daAuts
     D:5: 1313 daAuts
  Lair:1: 1292 daAuts
     D:2: 1055 daAuts
  Lair:3: 1005 daAuts
     D:3: 930 daAuts
    D:10: 806 daAuts
     D:6: 694 daAuts
    D:11: 1 daAuts
